Cogmind - Beta 15 @@@ ROGUE MODE // 2025.08.10 @ 18:32:23 Player: StaticNoob Result: Destroyed by S-10 Pest with Light Assault Rifle Performance ------------- Evolutions (0) 0 Regions Visited (2) 400 Robots Destroyed (23) 115 Value Destroyed (430) 430 Prototype IDs (3) 60 Alien Tech Used (0) 0 Bonus (0) 0 TOTAL SCORE: 1005 Bonus ------- None Cogmind --------- Core Integrity 0/250 Matter 275/400 Energy 250/250 System Corruption 0% Temperature Cool (0) Movement Rolling (140) Ox4 Location -10/Mines Parts ------- > --- POWER (1) -------- Ion Engine > --- PROPULSION (2) --- Wheel > --- UTILITY (2) ------ High-capacity Storage Unit Medium Matter Pod > --- WEAPON (2) ------- Light Assault Rifle Light Assault Rifle > --- INVENTORY (20) --- Ion Engine High-capacity Storage Unit Structural Scanner Signal Interpreter Sensor Drone Bay (20/20) EM Pulse Gun Light Assault Rifle Light Assault Rifle Peak State ------------ > --- POWER ------------ Ion Engine > --- PROPULSION ------- Wheel > --- UTILITY ---------- High-capacity Storage Unit Sensor Drone Bay > --- WEAPON ----------- Light Assault Rifle Light Assault Rifle > --- INVENTORY -------- Ion Engine High-capacity Storage Unit Medium Matter Pod Structural Scanner Signal Interpreter EM Pulse Gun Light Assault Rifle Light Assault Rifle [Rating: 13] Favorites ----------- Power Ion Engine Engine Ion Engine Propulsion Light Treads Treads Light Treads Wheel Wheel Utility High-capacity Storage Unit Device Seismic Detector Storage High-capacity Storage Unit Weapon Light Assault Rifle Ballistic Gun Light Assault Rifle Build | -11 -10 -10 ------- Run | Yrd Mat Min Slots Evolved . | . . . Power . | . . . Propulsion . | . . . Utility . | . . . Weapon . | . . . Parts Attached 16 | 7 3 6 Power 3 | 1 1 1 Engine 3 | 1 1 1 Core . | . . . Reactor . | . . . Propulsion 3 | 2 1 . Treads 2 | 2 . . Leg . | . . . Wheel 1 | . 1 . Hover . | . . . Flight . | . . . Utility 6 | 2 1 3 Device 3 | 1 . 2 Storage 3 | 1 1 1 Processor . | . . . Hackware . | . . . Protection . | . . . Artifact . | . . . Weapon 4 | 2 . 2 Energy Gun . | . . . Energy Cannon . | . . . Ballistic Gun 4 | 2 . 2 Ballistic Cannon . | . . . Launcher . | . . . Special Weapon . | . . . Impact Weapon . | . . . Slashing Weapon . | . . . Piercing Weapon . | . . . Special Melee Weapon . | . . . Unidentified Prototypes 1 | . . 1 Parts Lost 5 | . 1 4 Power 1 | . . 1 Propulsion 2 | . 1 1 Utility 1 | . . 1 Weapon 1 | . . 1 Highest Loss Streak 4 | . 1 4 To Critical Strikes . | . . . Average Backups 5 | 1 4 7 Power . | . 1 1 Propulsion . | . . . Utility 2 | . 2 3 Weapon 1 | . 1 2 Tool/Special . | . . . Unused Backups 4 | . . 4 Power . | . . . Propulsion . | . . . Utility 2 | . . 2 Weapon 2 | . . 2 Tool/Special . | . . . Average Slot Usage (%) 94 | . 99 84 Engine 14 | . 14 14 Treads 17 | . 26 . Wheel 5 | . . 14 Device 13 | . 14 11 Storage 14 | . 14 15 Ballistic Gun 28 | . 28 28 Peak Build Rating 13 | 7 7 13 Average Rating 7 | 5 6 9 On Entrance 4 | . 7 7 Naked Turns . | . . . Heaviest Build 61 | 13 48 61 Greatest Support 40 | 40 40 10 Greatest Overweight (x) 6 | . 4 6 Average Overweight (x) 2 | . 1 5 Largest Inventory Capacity 20 | 8 20 20 Average Capacity 18 | 7 19 20 Most Carried 8 | 2 8 8 Average Carried 5 | 1 4 7 Final Capacity 20 | 8 20 20 Final Carried 8 | 2 8 8 Class Distribution -------------------- 100% | Mutant Dominant Class ---------------- Mutant | -10/Materials Mutant | -10/Mines Resources | -11 -10 -10 ----------- Run | Yrd Mat Min Matter Collected 481 | 245 124 112 Remotely . | . . . Salvage Created 762 | 137 551 74 Parts 62 | 16 33 13 Haulers Intercepted . | . . . Recyclers Shooed 3 | . 3 . Parts Field Recycled . | . . . Retrieved Matter . | . . . Parts Self-Destructed . | . . . Prevented . | . . . Kills | -11 -10 -10 ------- Run | Yrd Mat Min Combat Hostiles Destroyed 16 | . 11 5 Guns 15 | . 10 5 AOE 1 | . 1 . Classes Destroyed 5 | 2 3 . Tunneler 3 | 3 . . Recycler 3 | 1 2 . Watcher 1 | . 1 . Swarmer 8 | . 3 5 Grunt 8 | . 8 . Best Kill Streak 5 | 4 5 3 Combat Bots Only 3 | . 3 3 Max Kills in Single Turn 2 | 1 2 1 Gunslinging . | . . . Exploded 1 | . 1 . Melee . | . . . Uniques/NPCs Destroyed . | . . . Combat | -11 -10 -10 -------- Run | Yrd Mat Min Hostile Shots Fired 142 | . 96 46 Missed 48 | . 36 12 Hits 94 | . 60 34 Projectile 94 | . 60 34 Critical Strikes 1 | . 1 . Damage Taken 904 | . 636 268 Core 253 | . 176 77 Absorbed by Shields . | . . . Core Remaining (%) 100 | 100 . . Volleys Fired 86 | 11 59 16 Largest 2 | 2 2 2 Hottest 40 | 40 40 40 Shots Fired 171 | 22 118 31 Gun 171 | 22 118 31 Cannon . | . . . Launcher . | . . . Special . | . . . Kinetic 171 | 22 118 31 Thermal . | . . . Explosive . | . . . Electromagnetic . | . . . Robot Hit Streak 8 | 8 8 4 Robot Miss Streak 5 | 1 5 5 Penetration Max . | . . . Secondary Targets 6 | . 4 2 Max Gunslinging Chain 1 | . 1 1 Shots Hit Robots 100 | 16 70 14 Core Hits 44 | 8 30 6 Critical Kills 1 | . 1 . Critical Parts Destroyed . | . . . Critical Strikes 1 | . 1 . Destroy 1 | . 1 . Melee Attacks . | . . . Impact . | . . . Slashing . | . . . Piercing . | . . . Sneak Attacks . | . . . Combat Hostiles . | . . . Follow-up Attacks . | . . . Damage Inflicted 977 | 133 705 139 Guns 898 | 133 626 139 Cannons . | . . . Explosions 79 | . 79 . Melee . | . . . Ramming . | . . . Kinetic 898 | 133 626 139 Thermal . | . . . Explosive . | . . . Electromagnetic 79 | . 79 . Impact . | . . . Slashing . | . . . Piercing . | . . . Highest Corruption . | . . . Average Corruption . | . . . Corruption Purged . | . . . Corruption Blocked . | . . . Overload Shots . | . . . Overflow Damage . | . . . Projectiles . | . . . Explosions . | . . . Melee . | . . . Knockbacks . | . . . Impact . | . . . Kinetic . | . . . Secondary . | . . . Self-Inflicted Damage . | . . . Shots . | . . . Rammed . | . . . Targets Rammed . | . . . Kicked . | . . . Crushed . | . . . Highest Temperature 32 | . 32 . Average Temperature 12 | . 12 . Received Heat Transfer 264 | . 264 . Siege Activations . | . . . Martial Activations . | . . . Shielding Activations . | . . . Robots Disrupted . | . . . Combat Hostiles . | . . . Robots Corrupted . | . . . Combat Hostiles . | . . . Parts Fried . | . . . Impact Corruptions . | . . . Robots Melted . | . . . Combat Hostiles . | . . . Parts Melted . | . . . Heat Transferred . | . . . Parts Sabotaged . | . . . Parts Stolen . | . . . Parts Stripped . | . . . Power Chain Reactions . | . . . Alert | -11 -10 -10 ------- Run | Yrd Mat Min Maximum Alert Level . | . . . Low Security (%) 100 | 100 100 100 Level 1 . | . . . Level 2 . | . . . Level 3 . | . . . Level 4 . | . . . Level 5 . | . . . High Security . | . . . Max Security . | . . . Peak Influence 113 | 10 113 60 Initial 40 | . . 40 Average 24 | 1 31 19 Influence Increases 433 | 20 293 120 Destroy 0b10 Robot/C 320 | . 220 100 Destroy 0b10 Robot/NC 35 | 20 15 . Destroy Leader 62 | . 42 20 Disable Machine 15 | . 15 . Destroy Structure 1 | . 1 . Influence Decreases 383 | 20 188 175 Entered New Map 65 | . . 65 Time Decay 268 | 20 178 70 Lost Part 50 | . 10 40 Squads Dispatched 2 | . 2 . Investigation . | . . . Extermination . | . . . Reinforcement 2 | . 2 . Assault . | . . . Garrison . | . . . Intercept . | . . . Searches Triggered . | . . . Construction Impeded . | . . . Haulers Reinforced . | . . . Active Scanning Responses . | . . . Cargo Convoy Interrupts . | . . . Stealth | -11 -10 -10 --------- Run | Yrd Mat Min Distress Signals 1 | . 1 . Communications Jammed . | . . . Distress Signals . | . . . Times Spotted 26 | . 20 6 Peak Tracking Total 4 | . 4 3 Tactical Retreats . | . . . Traps | -11 -10 -10 ------- Run | Yrd Mat Min Traps Triggered . | . . . Indirectly . | . . . Trap Hack Attempts . | . . . Triggered . | . . . Disarmed . | . . . Reprogrammed . | . . . Reused . | . . . Traps Extracted . | . . . Installed . | . . . Triggered . | . . . Machines | -11 -10 -10 ---------- Run | Yrd Mat Min Machines Disabled 1 | . 1 . Max in Single Turn 1 | . 1 . Machines Repaired . | . . . Machines Dismantled . | . . . Machines Sabotaged . | . . . Overloaded Fab Kills . | . . . Hacking | -11 -10 -10 --------- Run | Yrd Mat Min Machines Accessed 2 | . 1 1 Terminals 1 | . 1 . Fabricators . | . . . Repair Stations . | . . . Recycling Units . | . . . Scanalyzers . | . . . Garrison Access . | . . . Total Hacks 6 | . 5 1 Successful 3 | . 2 1 Failed 3 | . 3 . Catastrophic . | . . . Database Lockouts . | . . . Manual 4 | . 4 . Terminals 5 | . 5 . Fabricators . | . . . Repair Stations . | . . . Recycling Units . | . . . Scanalyzers . | . . . Garrison Access . | . . . Terminal Hacks 2 | . 1 1 Prototype ID Bank 1 | . 1 . Open Door 1 | . . 1 Fabricator Hacks . | . . . Repair Station Hacks . | . . . Recycling Unit Hacks . | . . . Scanalyzer . | . . . Garrison Access Hacks . | . . . Unauthorized Hacks 1 | . 1 . Terminals 1 | . 1 . Botnet 1 | . 1 . Fabricators . | . . . Repair Stations . | . . . Recycling Units . | . . . Scanalyzers . | . . . Garrison Access . | . . . Data Cores Recovered . | . . . Used . | . . . Hacking Detections 1 | . 1 . Full Trace Events . | . . . Feedback Events . | . . . Feedback Blocked . | . . . Robot Schematics Acquired . | . . . Robots Built . | . . . Authchips . | . . . Time . | . . . Total Robot Build Rating . | . . . Part Schematics Acquired . | . . . Parts Built . | . . . Authchips . | . . . Time . | . . . Total Part Build Rating . | . . . Parts Repaired . | . . . Time . | . . . Parts Recycled . | . . . Recycled Matter . | . . . Retrieved Matter . | . . . Retrieved Components . | . . . Parts Scanalyzed . | . . . Part Schematics Acquired . | . . . Parts Damaged . | . . . Bothacking | -11 -10 -10 ------------ Run | Yrd Mat Min Used RIF Installer . | . . . Robots Hacked . | . . . Non-combat . | . . . Combat . | . . . Robot Hacks Applied . | . . . Relay Couplers Released . | . . . Fabnet Peak Effective % . | . . . Robots Rewired . | . . . Allies Hacked . | . . . Hacks Repelled . | . . . Allies | -11 -10 -10 -------- Run | Yrd Mat Min Total Allies . | . . . Largest Group . | . . . Highest-Rated Group . | . . . Highest-Rated Ally . | . . . Total Orders 3 | . . 3 EXPLORE 3 | . . 3 Ally Attacks . | . . . Total Damage . | . . . Kills . | . . . Allies Corrupted . | . . . Allies Melted . | . . . Intel | -11 -10 -10 ------- Run | Yrd Mat Min Active Infowar (turns) 607 | 9 508 90 Structural 81 | . . 81 Seismic 526 | 9 508 9 Robot Analysis Total . | . . . Derelict Logs Recovered 1 | . . 1 Drone Launches 3 | . . 3 Drone Recoveries 3 | . . 3 Exploration | -11 -10 -10 ------------- Run | Yrd Mat Min Turns Passed 878 | 113 508 257 Spaces Moved 330 | 48 150 132 Core 3 | 3 . . Treads 186 | 45 141 . Legs . | . . . Wheels 141 | . 9 132 Hover . | . . . Flight . | . . . Fastest Speed 50 | 50 140 140 Average Speed 189 | 153 229 155 Slowest Speed 320 | 160 320 170 Overloaded Moves . | . . . Propulsion Burnouts . | . . . Robots Hopped . | . . . Potential Cave-ins . | . . . Cave-ins Triggered . | . . . Exploration Rate (%) 36 | 6 36 66 Regions Visited 2 Branch Regions 1 Pre-discovered Areas 1 | . . 1 Known Exits Taken . | . . . Unknown Exits Taken 2 | 1 1 . Scrap Searched 1 | . . 1 Spaces Dug . | . . . Terrain Destroyed . | . . . Melee . | . . . Projectile . | . . . AOE . | . . . Terrain Rammed . | . . . Walls Destroyed . | . . . Machines Disabled . | . . . Actions | -11 -10 -10 --------- Run | Yrd Mat Min Total 443 | 67 218 158 Wait 3 | . 1 2 Move 328 | 47 149 132 Hop . | . . . Pick Up 8 | 2 5 1 Fast Attach 9 | 7 1 1 Attach 3 | . . 3 Detach 1 | . . 1 Swap 4 | . 2 2 Drop 1 | . 1 . Fire 86 | 11 59 16 Melee . | . . . Ram . | . . . Kick . | . . . Crush . | . . . Escape Stasis . | . . . Rewire . | . . . Trap . | . . . Miscellaneous . | . . . Route ------- -11/Scrapyard -10/Materials -10/Mines History --------- Turn | Location | Event 28 | -11/Scrapyard | Discovered new exit (range 15) 114 | -11/Scrapyard | Entered Materials 308 | -10/Materials | Build established: Mutant 548 | -10/Materials | Discovered new exit (range 7) 583 | -10/Materials | Core integrity fell below 50% 622 | -10/Materials | Entered Mines 662 | -10/Mines | Lost 4 parts (1p1n1u1w) 730 | -10/Mines | Found the Drone Emporium 735 | -10/Mines | Found Prototype Device 735 | -10/Mines | Identified Sensor Drone Bay 822 | -10/Mines | Learned location of Storage (-7) 861 | -10/Mines | Core integrity fell below 20% 879 | -10/Mines | Destroyed by S-10 Pest with Light Assault Rifle Last Messages --------------- 00732_ K-01 Serf collects debris. 00735_ Acquired Prototype Device. 00735_ Identified Sensor Drone Bay. 00736_ K-01 Serf collects debris. 00738_ Sensor Drone released from Sensor Drone Bay. 00738_ K-01 Serf collects debris. 00774_ Sensor Drone retrieved by Sensor Drone Bay (repair cost: 2). 00775_ K-01 Serf collects debris. 00802_ Sensor Drone released from Sensor Drone Bay. 00822_ Acquired derelict log, extracted data. World map updated: -7/Storage. 00855_ Sensor Drone retrieved by Sensor Drone Bay (repair cost: 2). 00870_ S-10 Pest destroyed. 00870_ Switching to secondary target: S-10 Pest. 00875_ S-10 Pest destroyed. 00875_ Switching to secondary target: S-10 Pest. Map ----- +----------------------------------------------------+ | ??## =% ##????????????????## ?????## ##???????? | | ??## = ##????????????##### ###??# ##??????? | | ??## ##??????????### ##? #?? #??????? | | ??##### ###??????????# #??# #?? #??????? | | ####### ###? ##??????# ##?# #??# ???????? | | ####### ##?? ##??????# ### #??# ????????? | | # ### ##? ##??????##### # #??# #?????????? | | ## # ##??????????## #??# #?????????? | | ###???????????# #?## #?????????? | | ####????????????# ### #?????????? | | ### #####????????????## ####??????? | | ########???????????????# ##?????? | | #####???????????????## #?????? | | ###??????????????## #?????? | | ###?????????????# ##?????? | | # ###???????????# ## ##??????? | | ## ###??????????# #### ##???????? | | ## ###?????????####???### ##???????? | | # ###?????????????????## ###?????? | | ####??????????????### ##????? | | ## ##????????????## #????? | | #### #????????????# #????? | | ##### ## #???????????## ## ##???? | | ???## ###### #?????????### #### #???? | | ????# ###??### ############ s##??# #?? | | ????## #?????# ## @=%t[[ ##???# #? | | ????### ##?????# ## #########% ###???? #? | | ??????# #??????# ## #???????## ###?????? #? | | ??????# #??????# #????????####???????? ##? | | ??????# #??????# ####???????????????????? #?? | | ??????? #??????# #?????????????????????? #?? | | ??????? #??????# #?????????????????????? """ #?? | | ??????? #??????# #?????????????????????? """ #?? | | ??????? ???????# #?????????????????????? """ #?? | | ??????? ??????? #?????????????????????# ??? #?? | | ??????? ???????###????????????????????? ??? ##?? | | ??????????????????????????????????????? ???????? | | ??????????????????????????????????????? ???????? | | #??????????????????????????????????????? ???????? | | # #???????????????????????????????????????????? | | ?????????????????????????????????????????? | | ?????????????????????????????????????????? | | ###??????????????????????????????????????????? | | ###????????????????????????????????????????????? | | ?##??????????????????????????????????????????????? | | ?????????????????????????????????????????????????? | | ?????????????????????????????????????????????????? | | ?????????????????????????????????????????????????? | | #????????????????????????????????????????????????? | | ????????????????????????????????????????????????? | +----------------------------------------------------+ Best States ------------- Heat Dissipation 25 Energy Generation 10 Energy Capacity 250 Matter Stores 300 Matter Capacity 400 Sight Range 16 Terrain Scan Density 10 Evasion (%) 40 Recoil Reduction 2 Item Schematics ----------------- None Robot Schematics ------------------ None Fabricated ------------ Nothing Repaired ---------- Nothing Alien Tech Used ----------------- None Achievements -------------- None Challenges ------------ None Game ------ Seed SpectralReflectiveBrace Manual? 0 Play Time 00:06:57 Cumulative 173.9 hours Start 2025.08.10 @ 18:25:30 End 2025.08.10 @ 18:32:23 Sessions 1 Manual Loads 0 Difficulty Rogue Special Mode None Game No. 146 Rogue 146 Adventurer 0 Explorer 0 Win Type - Total 5 Types 3/0/1/1/0/0/0/0/0/0 Lore% 76 Gallery% 69 Achievement% 64 Wizard Run 0 Options --------- Layout 1 ASCII 0 Keyboard 0 Movement Mouse Keybinds 0 Fullscreen 1 Font 24/Smallcaps Map View 50x35 Zoom Use 0% Tactical HUD 1 Map Filters NONE Filters NONE Steam 1 RUN: 5427251a-2ba5-4c65-b956-5395ce497546